 Dungeon Crawl Stone Soup version 0.25-a0-589-g1e14c549ee (webtiles) character file.

Game seed: 4319050658674807576, levelgen mode: deterministic

312052 Lugonue the Eclecticist (level 21, -4/133 HPs)
             Began as an Octopode Venom Mage on Mar 11, 2020.
             Was the Champion of Sif Muna.
             Shot with a bolt by a vault warden (27 damage)
             ... on level 3 of the Vaults.
             The game lasted 03:59:18 (51524 turns).

Lugonue the Eclecticist (Octopode Venom Mage)      Turns: 51524, Time: 03:59:22

Health: -4/133     AC:  9    Str: 17    XL:     21   Next: 29%
Magic:  40/51      EV: 22    Int: 31    God:    Sif Muna [******]
Gold:   439        SH: 15    Dex: 21    Spells: 6/55 levels left

rFire    + + .     SeeInvis .   a - +8 dagger of Chaos {vorpal, rElec rC- MP+9 Stlth+}
rCold    . . .     Gourm    .   Z - +1 kite shield {rC+}
rNeg     . . .     Faith    +   t - +2 hat
rPois    +         Spirit   .   R - amulet "Seawk" {Faith rPois rF+ Str+9}
rElec    +         Reflect  .   c - +5 ring of dexterity
rCorr    .         Harm     .   r - +3 ring of protection
MR       ++++.                  x - +4 ring of dexterity
Stlth    ++++++++++             X - ring of Shadows {Umbra +Inv Stlth+}
HPRegen  0.32/turn              k - +6 ring of slaying
MPRegen  0.32/turn              V - ring "Mowuighini" {rElec rPois MR+ AC+3}
                                A - ring of wizardry
                                p - ring "Namociona" {rPois rF+ MR+ Int+4 Dex-2}

@: wreathed by umbra
A: almost no armour, stealthy swim, amphibious, 8 rings, constrict 8, tentacle
spike 1, camouflage 1, clever 1, magic resistance 1, mutation resistance 1,
gelatinous body 1
}: 2/15 runes: serpentine, barnacled
a: Channel Magic, Forget Spell, Divine Exegesis, Renounce Religion, Evoke
Invisibility


You were on level 3 of the Vaults.
You worshipped Sif Muna.
Sif Muna was exalted by your worship.
You were not hungry.

You visited 8 branches of the dungeon, and saw 38 of its levels.
You visited 1 bazaar.
You also visited: Ossuary.

You collected 4684 gold pieces.
You spent 4245 gold pieces at shops.

Inventory:

Hand Weapons
 a - the +8 dagger of Chaos (weapon) {vorpal, rElec rC- MP+9 Stlth+}
   (You bought it in a shop on level 1 of the Elven Halls)

   It inflicts extra damage upon your enemies.
   It makes you vulnerable to cold.
   It insulates you from electricity.
   It affects your magic capacity (+9).
   It makes you more stealthy.
Missiles
 L - 10 throwing nets (quivered)
Armour
 t - a +2 hat (worn)
 Z - a +1 kite shield of cold resistance (worn)
Magical Staves
 b - an uncursed staff of energy
Jewellery
 c - a +5 ring of dexterity (left tentacle)
 k - a +6 ring of slaying (on tentacle)
 m - an uncursed ring of stealth
 p - the ring "Namociona" (on tentacle) {rPois rF+ MR+ Int+4 Dex-2}
   (You found it on level 3 of the Elven Halls)

   [ring of intelligence]

   It affects your intelligence (+4).
   It affects your dexterity (-2).
   It protects you from fire.
   It protects you from poison.
   It affects your resistance to hostile enchantments.
 r - a +3 ring of protection (right tentacle)
 x - a +4 ring of dexterity (on tentacle)
 A - a ring of wizardry (on tentacle)
 R - the amulet "Seawk" (around mantle) {Faith rPois rF+ Str+9}
   (You found it on level 3 of the Lair of Beasts)

   [amulet of faith]

   It allows you to gain divine favour quickly.
   It affects your strength (+9).
   It protects you from fire.
   It protects you from poison.
 V - the ring "Mowuighini" (on tentacle) {rElec rPois MR+ AC+3}
   (You took it off a deep elf death mage on level 3 of the Elven Halls)

   [ring of protection]

   It affects your AC (+3).
   It insulates you from electricity.
   It protects you from poison.
   It affects your resistance to hostile enchantments.
 X - the ring of Shadows (on tentacle) {Umbra +Inv Stlth+}
   (You took it off a deep elf mage on level 3 of the Elven Halls)

   [ring of stealth]

   It lets you turn invisible.
   It makes you more stealthy.
Wands
 u - a wand of acid (31)
 B - a wand of paralysis (26)
Scrolls
 d - 13 scrolls of identify
 e - a scroll of blinking
 f - 8 scrolls of amnesia
 g - a scroll of magic mapping
 n - 4 scrolls of fog
 o - 17 scrolls of teleportation
 y - 3 scrolls of remove curse
 D - a scroll of enchant armour
Potions
 i - a potion of flight
 j - 19 potions of curing
 l - a potion of magic
 q - 4 potions of haste
 s - a potion of resistance
 z - 2 potions of stabbing
 E - a potion of mutation
 H - 3 potions of ambrosia
 O - a potion of invisibility
Miscellaneous
 h - a lamp of fire
 w - a fan of gales
 F - a fan of gales
Comestibles
 v - 41 rations
 C - 6 chunks of flesh


   Skills:
 - Level 8.6 Fighting
 - Level 6.1 Short Blades
 - Level 0.1 Staves
 - Level 10.5 Dodging
 - Level 10.3 Stealth
 - Level 15.0 Shields
 - Level 17.6 Spellcasting
 - Level 15.4 Summonings
 - Level 1.0 Translocations
 - Level 1.0 Transmutations
 + Level 13.1 Fire Magic
 - Level 10.0 Poison Magic
 - Level 7.0 Evocations


You had 6 spell levels left.
You knew the following spells:

 Your Spells              Type           Power        Failure   Level  Hunger
a - Apportation           Tloc           ####..       1%          1    None
b - Poisonous Vapours     Pois/Air       ######       1%          2    None
c - Olgreb's Toxic Radia  Pois           ######..     1%          4    None
d - Ignite Poison         Fire/Tmut/Pois ######..     1%          3    None
e - Mephitic Cloud        Conj/Pois/Air  #####...     1%          3    None
f - Ignition              Fire           #######...   17%         8    ######.
g - Blink                 Tloc           N/A          1%          2    None
h - Monstrous Menagerie   Summ           #######...   1%          7    ####...
j - Summon Greater Demon  Summ           #######...   1%          7    ####...
l - Aura of Abjuration    Summ           #######...   1%          5    None
m - Summon Hydra          Summ           #######...   1%          7    ####...

Your spell library contained the following spells:

 Spells                   Type           Power        Failure   Level  Hunger
 Summon Butterflies       Summ           #######.     0%          1    None
 Summon Small Mammal      Summ           ####         0%          1    None
 Call Imp                 Summ           #######.     0%          2    None
 Call Canine Familiar     Summ           #######.     0%          3    None
 Animate Skeleton         Necr           N/A          1%          1    None
 Beastly Appendage        Tmut           ####..       1%          1    None
 Corona                   Hex            ####...      1%          1    None
 Foxfire                  Conj/Fire      ####         1%          1    None
 Freeze                   Ice            ####         1%          1    None
 Infusion                 Chrm           ####         1%          1    None
 Magic Dart               Conj           ####         1%          1    None
 Pain                     Necr           ####         1%          1    None
 Sandblast                Erth           ####..       1%          1    None
 Shock                    Conj/Air       ####         1%          1    None
 Sting                    Tmut/Pois      ####         1%          1    None
 Corpse Rot               Necr/Air       N/A          1%          2    None
 Ensorcelled Hibernation  Hex/Ice        ####..       1%          2    None
 Passwall                 Tmut/Erth      ####....     1%          2    None
 Shroud of Golubria       Chrm/Tloc      ####..       1%          2    None
 Slow                     Hex            ####....     1%          2    None
 Song of Slaying          Chrm           ####....     1%          2    None
 Sticks to Snakes         Tmut           ####....     1%          2    None
 Sublimation of Blood     Necr           ####......   1%          2    None
 Swiftness                Chrm/Air       ####....     1%          2    None
 Confusing Touch          Hex            ####....     1%          3    None
 Conjure Flame            Conj/Fire      ######..     1%          3    None
 Dazzling Flash           Conj/Hex       ####..       1%          3    None
 Gell's Gravitas          Tloc           ####......   1%          3    None
 Inner Flame              Hex/Fire       ######..     1%          3    None
 Lesser Beckoning         Tloc           ####......   1%          3    None
 Ozocubu's Armour         Chrm/Ice       ####....     1%          3    None
 Portal Projectile        Hex/Tloc       ####..       1%          3    None
 Recall                   Summ/Tloc      N/A          1%          3    None
 Spectral Weapon          Hex/Chrm       ####....     1%          3    None
 Spider Form              Tmut/Pois      ######....   1%          3    None
 Static Discharge         Conj/Air       ####....     1%          3    None
 Stone Arrow              Conj/Erth      ####..       1%          3    None
 Summon Guardian Golem    Hex/Summ       ######..     1%          3    None
 Teleport Other           Tloc           ####....     1%          3    None
 Tukima's Dance           Hex            ####....     1%          3    None
 Vampiric Draining        Necr           ####......   1%          3    None
 Sticky Flame             Conj/Fire      ######..     1%          4    None
 Summon Ice Beast         Ice/Summ       ######..     1%          4    None
 Summon Lightning Spire   Summ/Air       ######..     1%          4    None
 Alistair's Intoxication  Tmut/Pois      ######..     1%          5    None
 Fireball                 Conj/Fire      ######....   1%          5    None
 Summon Demon             Summ           #######...   1%          5    None
 Summon Forest            Summ/Tloc      ######....   1%          5    None
 Summon Mana Viper        Hex/Summ       ######..     1%          5    None
 Shadow Creatures         Summ           N/A          1%          6    #......
 Bolt of Magma            Conj/Fire/Erth ######....   2%          5    None
 Ice Form                 Ice/Tmut       ####....     4%          4    None
 Iskenderun's Mystic Bla  Conj/Tloc      ####....     4%          4    None
 Passage of Golubria      Tloc           N/A          4%          4    None
 Petrify                  Tmut/Erth      ####....     4%          4    None
 Airstrike                Air            ####......   6%          4    None
 Animate Dead             Necr           N/A          6%          4    None
 Cause Fear               Hex            ####......   6%          4    None
 Dispel Undead            Necr           ####....     6%          4    None
 Fulminant Prism          Conj/Hex       ####......   6%          4    None
 Hailstorm                Conj/Ice       ####....     6%          4    None
 Starburst                Conj/Fire      ######....   6%          6    #......
 Eringya's Noxious Bog    Tmut/Pois      ######....   10%         6    #......
 Blade Hands              Tmut           ####......   12%         5    None
 Irradiate                Conj/Tmut      ####......   14%         5    None
 Yara's Violent Unravell  Hex/Tmut       ####......   14%         5    None
 Agony                    Necr           ####....     16%         5    None
 Borgnjor's Vile Clutch   Necr/Erth      ####......   16%         5    None
 Excruciating Wounds      Chrm/Necr      ####......   16%         5    None
 Iskenderun's Battlesphe  Conj/Chrm      ####....     16%         5    None
 Lee's Rapid Deconstruct  Erth           ####......   16%         5    None
 Lightning Bolt           Conj/Air       ####......   16%         5    None
 Metabolic Englaciation   Hex/Ice        ####......   16%         5    None
 Silence                  Hex/Air        ####......   16%         5    None
 Dispersal                Tloc           ####......   50%         6    #......
 Conjure Ball Lightning   Conj/Air       ####......   65%         6    #......
 Darkness                 Hex            ####......   65%         6    #......
 Death Channel            Necr           ####......   65%         6    #......
 Deflect Missiles         Chrm/Air       ####......   65%         6    #......
 Freezing Cloud           Conj/Ice/Air   ####......   65%         6    #......
 Iron Shot                Conj/Erth      ####......   65%         6    #......
 Ozocubu's Refrigeration  Ice            ####......   65%         6    #......
 Simulacrum               Ice/Necr       ####......   65%         6    #......
 Summon Horrible Things   Summ           #######...   8%          8    ######.
 Malign Gateway           Summ/Tloc      ######....   17%         7    ####...
 Haunt                    Necr/Summ      ######....   21%         7    ####...
 Spellforged Servitor     Conj/Summ      ######....   21%         7    ####...
 Ring of Flames           Chrm/Fire      ######....   32%         7    ####...
 Dragon's Call            Summ           #######...   69%         9    #######
 Orb of Destruction       Conj           ####......   99%         7    ####...
 Borgnjor's Revivificati  Necr           ####......   100%        8    ######.
 Chain Lightning          Conj/Air       ####......   100%        8    ######.
 Controlled Blink         Tloc           N/A          100%        8    ######.
 Death's Door             Chrm/Necr      ####......   100%        8    ######.
 Discord                  Hex            ####......   100%        8    ######.
 Disjunction              Tloc           ####......   100%        8    ######.
 Infestation              Necr           ####......   100%        8    ######.
 Necromutation            Tmut/Necr      ####......   100%        8    ######.
 Tornado                  Air            ####......   100%        9    #######


Dungeon Overview and Level Annotations

Branches:
Dungeon (15/15)            Temple (1/1) D:7            Lair (6/6) D:11
 Shoals (4/4) Lair:2        Snake (4/4) Lair:3        Slime (0/5) Lair:6
    Orc (2/2) D:11            Elf (3/3) Orc:2        Vaults (3/5) D:14
  Crypt (0/3) Vaults:2     Depths (0/5) D:15        Ossuary (visited)

Altars:
Ashenzari
Cheibriados
Dithmenos
Elyvilon
Fedhas
Gozag
Hepliaklqana
Kikubaaqudgha
Makhleb
Nemelex Xobeh
Okawaru
Qazlal
Ru
Sif Muna
Trog
Uskayaw
Vehumet
Wu Jian
Xom
Yredelemnul
Zin
The Shining One
Beogh

Shops:
D:4 [}   Orc:1 [   Orc:2 *[!}   Elf:1 !*   Elf:2 %   Shoals:2 **   Snake:2 (
Vaults:1 %   Vaults:2 *   Vaults:3 (

Portals:
Pandemonium: Orc:2

Annotations:
D:9 2 transporters, Tux's ghost, novice VSFi
Lair:2 exclusion: 2 oklob plants
Lair:4 exclusion: oklob plant
Shoals:1 3 runed translucent doors, Qorch's ghost, adept MfBe
Shoals:2 exclusion: obsidian statue
Elf:1 6 runed translucent doors
Elf:2 exclusion: door


Innate Abilities, Weirdness & Mutations

You cannot wear most types of armour.
You are very stealthy in the water. (Stealth+)
You are amphibious.
You can wear up to eight rings at the same time.
You can use your tentacles to constrict eight enemies at once.
Your skin changes colour to match your surroundings (Stealth+).
Your rubbery body absorbs attacks. (AC +1, EV +1)
One of your tentacles bears a spike.
Your mind is acute. (Int +2)
You are resistant to hostile enchantments. (MR+)
You are somewhat resistant to further mutation.


Message History

You constrict the vault warden.
The vault warden is engulfed in blazing flames.
The vault warden unwields a +0 arbalest.
The vault warden wields a +0 great mace.
The vault warden hits you with a +0 great mace!!!
* * * LOW HITPOINT WARNING * * *
You hear a shout! x2
Press: ? - help, v - describe, . - travel
Here: a vault warden, wielding a +0 great mace, wearing a +0 chain mail and quivering 17 bolts (flame, almost dead, constricted by you, umbra)
The floor.
Unknown command.
Unknown command.
Casting: Ignite Poison (safe; 1% risk of failure)
Confirm with . or Enter, or press ? or * to list all spells.
You blink.
You lose your grip on the vault warden.
The vault warden is engulfed in blazing flames.
The vault warden unwields a +0 great mace.
The vault warden wields a +0 arbalest.
The vault warden shoots a bolt.
The bolt hits you!!
You die...

,,,,,,,,,,,,.....................
,,,,,,,,,......................##
,,,,,,,,,...............†..)...#,
,,,,,,,,,,.....................#,
,,,,,,,,,,,..........########..#,
,***********#........#,,,,,,#..#,
,*,,,,,,,,,,#........#,,,,,,#..#,
,*,,,,,,,,,,#........#,,,,,,#..#,
,*,,,,,,,,,,#...@....#,,,,,,#..#,
,*,,,,>,,,,,#........#,,,,,,'..#,
,*,,,,,,,,,,#........#,,,,,,*,,+,
,*,,,,,,,,,,#.....)§.#,,,,,,*,*##
,*,,,,,,,,,,#......☼p#,,,,,,#.*..
,*,,,,,,,,,,#.....)○§#****###.#..
,*,,,,,,,,,,#......☼.§.,,,,...###
,*,,,,,,,,,,#.....))####+**#..#..
,*,,,,,,,,,,#.......#,,,,,,#..#..


You could see a vault warden.

Vanquished Creatures
  Xtahua (Vaults:3)
  A nagaraja (Snake:1)
  A fire giant (Vaults:3)
  2 deep elf sorcerers (Elf:3)
  An orc warlord (Vaults:3)
  A deep elf elementalist (Elf:3)
  A vault warden (Vaults:1)
  Louise (Shoals:4)
  3 ironheart preservers
  4 stone giants
  An entropy weaver (Vaults:2)
  2 deep elf demonologists
  Nessos (D:13)
  5 deep elf annihilators (Elf:3)
  2 merfolk javelineers (Shoals:4)
  4 ettins
  A fire dragon (Vaults:2)
  3 merfolk impalers
  Josephine (Lair:5)
  5 yaktaur captains
  2 deep elf high priests (Elf:1)
  A great orb of eyes (Vaults:2)
  Fannar (D:12)
  Harold (Lair:1)
  4 hydras
  A rakshasa (Vaults:2)
  2 vault guards (D:14)
  2 merfolk avatars
  6 naga warriors
  2 satyrs
  5 anacondas
  An ogre mage (Vaults:3)
  Erica (D:8)
  2 merfolk aquamancers
  6 two-headed ogres
  8 centaur warriors
  3 deep troll shamans
  6 dancing weapons
  A tengu warrior (D:15)
  2 small abominations (Elf:1)
  3 shock serpents
  14 deep elf knights
  10 orc high priests
  6 naga sharpshooters
  A large abomination (Elf:1)
  4 skeletal warriors (Vaults:2)
  An infernal demonspawn (Orc:2)
  8 sea snakes
  8 deep trolls
  3 unseen horrors
  A torturous demonspawn (Orc:2)
  4 wizards
  14 deep elf archers
  A glowing orange brain (Vaults:3)
  2 ironbrand convokers
  8 harpies
  Pikel (D:9)
  A necromancer (D:14)
  A mana viper (Snake:1)
  3 cyclopes
  A wolf spider zombie (D:14)
  10 orc knights
  8 manticores
  39 deep elf magi
  5 wolf spiders
  14 ugly things
  4 orc sorcerers
  13 fauns
  6 salamanders
  7 elephants
  21 black mambas
  5 merfolk sirens
  3 water nymphs
  Joseph (D:9)
  2 guardian serpents
  2 naga magi
  3 vault sentinels
  3 torpor snails
  A smoke demon (Orc:2)
  Maggie (D:6)
  16 spiny frogs
  7 rime drakes
  2 freezing wraiths
  14 komodo dragons
  An efreet (D:15)
  A komodo dragon (shapeshifter) (Vaults:3)
  2 ice devils (Orc:2)
  16 yaktaurs
  21 merfolk
  10 trolls
  3 hornets
  A troll (shapeshifter) (Vaults:3)
  A meliai (shapeshifter) (D:13)
  5 polar bears
  A hornet (shapeshifter) (Vaults:2)
  Prince Ribbit (D:6)
  2 slime creatures (Vaults:1)
  3 wind drakes
  13 blink frogs
  6 snapping turtles
  8 hippogriffs
  A meliai zombie (D:15)
  2 flying skulls (D:14)
  2 shadows
  4 water elementals
  21 yaks
  3 vampires (D:14)
  6 wraiths
  A basilisk (shapeshifter) (Vaults:1)
  A fire elemental (Elf:1)
  22 humans
  A human (shapeshifter) (Elf:3)
  7 wyverns
  3 hogs (D:12)
  2 steam dragons
  3 basilisks
  2 vampire mosquitoes
  A yak (shapeshifter) (D:15)
  A hungry ghost (D:8)
  Menkaure (D:6)
  A neqoxec (Orc:2)
  3 wargs
  16 nagas
  3 acid dragons
  Duvessa (D:5)
  37 orc warriors
  9 water moccasins
  14 porcupines
  7 ice beasts
  2 eyes of draining
  2 black bears
  2 phantoms
  2 sky beasts (D:14)
  9 wolves
  13 ogres
  5 boggarts (D:14)
  14 crocodiles
  16 centaurs
  3 big kobolds
  16 bullfrogs
  An earth elemental (Elf:1)
  Dowan (D:6)
  A scorpion (D:11)
  18 killer bees
  3 electric eels
  7 wights
  3 howler monkeys
  3 bullfrog zombies
  5 centaur zombies
  6 crimson imps
  A quasit (D:11)
  A human zombie (D:14)
  5 jellies
  9 hounds
  31 orc priests
  2 centaur skeletons
  14 mummies (Ossuary)
  A bullfrog skeleton (D:10)
  11 orc wizards
  8 iguanas
  14 worker ants
  4 hell rats
  A bullfrog simulacrum (D:12)
  3 hound zombies (Ossuary)
  A hound skeleton (D:10)
  2 worker ant zombies
  8 gnolls
  A howler monkey skeleton (D:4)
  8 adders
  12 river rats
  7 shadow imps
  3 white imps (D:12)
  3 ufetubi (D:12)
  An ooze (D:4)
  3 adder zombies
  3 adder skeletons
  A worm (D:4)
  5 dart slugs
  3 leopard geckos
  102 orcs
  4 giant cockroaches
  10 goblins
  2 hobgoblins (D:1)
  8 jackals
  18 kobolds
  3 quokkas
  9 bats
  3 frilled lizards
  2 giant cockroach zombies (Ossuary)
  2 jackal zombies (Ossuary)
  3 leopard gecko skeletons
  2 leopard gecko zombies (Ossuary)
  2 quokka skeletons
  A quokka zombie (Ossuary)
  7 rats
  4 crawling corpses
1130 creatures vanquished.

Vanquished Creatures (collateral kills)
  Vashnia (Snake:2)
  Saint Roka (Snake:2)
  A kraken (Shoals:1)
  2 deep elf master archers (Elf:3)
  The ghost of Pairaxt the Severer, an adept DDFi of Makhleb (Shoals:2)
  8 nagarajas (Snake:4)
  3 frost giants
  A fire giant (Vaults:3)
  4 deep elf sorcerers (Elf:3)
  Aizul (Snake:2)
  2 vault wardens (Vaults:1)
  2 deep elf elementalists (Elf:3)
  A war gargoyle (Vaults:2)
  A stone giant (Vaults:2)
  3 ironheart preservers (Vaults:1)
  A very ugly thing (D:13)
  A vampire knight (D:14)
  3 deep elf demonologists
  3 deep elf annihilators (Elf:3)
  A dire elephant (D:15)
  2 merfolk javelineers (Shoals:4)
  6 deep elf death magi
  3 deep elf high priests
  A great orb of eyes (Vaults:1)
  2 fire dragons
  6 merfolk impalers
  2 hydras
  12 naga warriors
  2 rakshasas
  A merfolk avatar (Shoals:2)
  An anaconda (Snake:4)
  3 centaur warriors (Vaults:1)
  A two-headed ogre (D:13)
  2 tengu warriors
  2 small abominations
  A vampire mage (D:14)
  5 dancing weapons (Elf:2)
  2 deep elf knights (Elf:1)
  A shock serpent (Snake:3)
  9 naga sharpshooters
  A large abomination (Elf:1)
  2 skeletal warriors
  2 sea snakes
  A deep troll (Vaults:2)
  3 unseen horrors
  A deep elf archer (Elf:1)
  4 naga ritualists (Snake:4)
  2 orc knights (Vaults:1)
  8 harpies (Shoals:3)
  An ironbrand convoker (Vaults:3)
  5 fauns
  11 deep elf magi
  8 mana vipers
  A cyclops (Vaults:1)
  5 ugly things
  An orb spider (shapeshifter) (Vaults:1)
  4 salamanders
  6 manticores
  11 black mambas
  2 elephants (Lair:6)
  2 vault sentinels (Vaults:1)
  20 guardian serpents
  12 naga magi
  A merfolk siren (Shoals:2)
  A gargoyle (D:14)
  2 spiny frogs (Lair:6)
  A centaur skeleton (D:13)
  3 freezing wraiths
  A yaktaur (Vaults:2)
  7 merfolk
  5 slime creatures
  2 wind drakes (Shoals:3)
  5 snapping turtles (Shoals:3)
  15 flying skulls (D:14)
  4 vampires (D:14)
  A redback (Vaults:2)
  4 water elementals
  A wraith (Vaults:1)
  A fire elemental (Elf:1)
  2 vampire mosquitoes (D:14)
  A hungry ghost (D:13)
  26 nagas
  A warg (Snake:2)
  2 hell hounds (Lair:1)
  3 water moccasins
  3 orc warriors (Snake:2)
  2 sky beasts
  A swamp drake (shapeshifter) (Vaults:1)
  An ogre (D:13)
  5 centaurs (Vaults:1)
  A big kobold (D:13)
  An earth elemental (Elf:3)
  2 scorpions (D:13)
  An elf simulacrum (Vaults:1)
  A wight (D:15)
  2 crimson imps (D:13)
  A bullfrog skeleton (D:13)
  An orc priest (Vaults:1)
  6 human zombies (D:14)
  5 jellies
  3 orc wizards
  An iguana (D:14)
  2 worker ants (D:13)
  A bullfrog simulacrum (D:14)
  A river rat (D:14)
  2 shadow imps
  2 oozes (Lair:6)
  4 orcs
  4 kobolds (D:13)
  5 bats (D:14)
  3 rats (D:14)
  4 crawling corpses
  2 fungi (Lair:6)
  2 tentacles (Shoals:1)
376 creatures vanquished.

Vanquished Creatures (others)
  A shadow wraith (Vaults:1)
  An unseen horror (shapeshifter) (Elf:3)
  A naga mage (Snake:4)
  21 fungi
  41 plants
  2 tentacles (Shoals:1)
  8 withered plants (Ossuary)
75 creatures vanquished.

Grand Total: 1581 creatures vanquished

Notes
Turn   | Place    | Note
-------+----------+-------------------------------------------
     0 | D:1      | Lugonue the Octopode Venom Mage began the quest for the
                  | Orb.
     0 | D:1      | Reached XP level 1. HP: 11/11 MP: 3/3
   652 | D:1      | Reached XP level 2. HP: 14/17 MP: 1/5
  1241 | D:1      | Learned a level 2 spell: Poisonous Vapours
  1375 | D:1      | Reached XP level 3. HP: 20/21 MP: 4/6
  1926 | D:2      | Reached XP level 4. HP: 26/27 MP: 7/7
  1949 | D:2      | Learned a level 3 spell: Mephitic Cloud
  3676 | D:4      | Noticed an ogre
  3728 | D:4      | Killed an ogre
  3728 | D:4      | Reached skill level 1 in Fighting
  3728 | D:4      | Reached skill level 3 in Spellcasting
  3728 | D:4      | Reached skill level 5 in Poison Magic
  3728 | D:4      | Reached XP level 5. HP: 30/33 MP: 7/9
  3738 | D:4      | Learned a level 4 spell: Olgreb's Toxic Radiance
  4178 | D:4      | Found Ceataed's Armour Emporium.
  4200 | D:4      | Reached XP level 6. HP: 38/38 MP: 5/11
  4210 | D:4      | Reached skill level 5 in Stealth
  4692 | D:4      | Reached skill level 4 in Spellcasting
  4720 | D:4      | Reached XP level 7. HP: 36/43 MP: 0/13
  4837 | D:4      | Learned a level 3 spell: Ignite Poison
  4855 | D:4      | Found Nuexan's Gadget Shop.
  4963 | D:4      | Found a white marble altar of Elyvilon.
  5138 | D:5      | Entered Level 5 of the Dungeon
  5428 | D:5      | Found a sand-covered staircase.
  5433 | Ossuary  | Entered an ossuary
  5518 | Ossuary  | Gained mutation: You are resistant to hostile enchantments.
                  | (MR+) [potion of mutation]
  5518 | Ossuary  | Gained mutation: One of your tentacles bears a spike.
                  | [potion of mutation]
  5518 | Ossuary  | Gained mutation: Your body sometimes deteriorates upon
                  | taking damage. [potion of mutation]
  5518 | Ossuary  | Gained mutation: You are agile. (Dex +2) [potion of
                  | mutation]
  5521 | Ossuary  | HP: 1/44 [bullfrog zombie (6)]
  6182 | Ossuary  | Reached skill level 5 in Spellcasting
  6450 | Ossuary  | Reached XP level 8. HP: 42/50 MP: 15/15
  7392 | D:6      | Noticed Dowan
  7396 | D:6      | Killed Dowan
  7455 | D:6      | Noticed Duvessa
  7496 | D:5      | Killed Duvessa
  8245 | D:6      | Noticed Menkaure
  8313 | D:6      | Reached skill level 6 in Spellcasting
  8532 | D:6      | Noticed Maggie
  8537 | D:6      | Killed Maggie
  8537 | D:6      | Reached XP level 9. HP: 58/58 MP: 6/19
  8561 | D:6      | Killed Menkaure
  8804 | D:6      | Noticed Prince Ribbit
  8817 | D:6      | Killed Prince Ribbit
  8817 | D:6      | Reached skill level 7 in Spellcasting
  9188 | D:7      | Found a staircase to the Ecumenical Temple.
  9223 | Temple   | Entered the Ecumenical Temple
  9331 | Temple   | Became a worshipper of Sif Muna the Loreminder
  9410 | D:7      | Reached skill level 8 in Spellcasting
  9735 | D:7      | Got a crystal longbow
  9736 | D:7      | Identified the +4 longbow of Wiarhun {vorpal, Str+4} (You
                  | found it on level 7 of the Dungeon)
  9913 | D:8      | Noticed a troll
  9917 | D:8      | Killed a troll
  9938 | D:8      | Reached XP level 10. HP: 63/63 MP: 6/22
  9979 | D:8      | You fall into a shaft and drop 1 floor!
  9984 | D:9      | Found a transporter.
 10019 | D:8      | Reached skill level 9 in Spellcasting
 10021 | D:8      | Reached * piety under Sif Muna
 10419 | D:8      | Noticed Erica
 10431 | D:8      | Killed Erica
 10431 | D:8      | Reached skill level 5 in Dodging
 10516 | D:8      | Found an opulent altar of Gozag.
 11219 | D:9      | Reached skill level 10 in Spellcasting
 11280 | D:9      | Reached ** piety under Sif Muna
 11282 | D:9      | Noticed Pikel
 11288 | D:9      | Killed Pikel
 11399 | D:9      | Noticed Joseph
 11416 | D:9      | Killed Joseph
 11566 | D:9      | Noticed a yaktaur captain
 11566 | D:9      | Noticed Tux's ghost (novice VSFi)
 11569 | D:9      | Found a transporter.
 11571 | D:9      | Found the +7 Singing Sword {vorpal, sonic wave}
 11571 | D:9      | Identified the Guide on the Frostbite and Darkness
 11669 | D:9      | Found a shimmering altar of Xom.
 11712 | D:9      | You fall into a shaft and drop 2 floors!
 11721 | D:10     | Entered Level 10 of the Dungeon
 11840 | D:10     | Reached XP level 11. HP: 69/69 MP: 17/25
 12816 | D:11     | Found a staircase to the Orcish Mines.
 12830 | D:11     | Reached *** piety under Sif Muna
 13010 | D:11     | Reached skill level 10 in Poison Magic
 13019 | D:11     | Found a roughly hewn altar of Beogh.
 13146 | D:11     | Reached skill level 11 in Spellcasting
 13367 | D:11     | Found a staircase to the Lair.
 13477 | D:11     | Noticed a two-headed ogre
 13488 | D:11     | Killed a two-headed ogre
 13873 | D:12     | Noticed a cyclops
 14073 | D:12     | Noticed a white ugly thing
 14078 | D:12     | Killed a white ugly thing
 14163 | D:12     | Noticed Fannar
 14182 | D:12     | Killed Fannar
 14182 | D:12     | Reached skill level 10 in Stealth
 14320 | D:12     | Killed a cyclops
 14320 | D:12     | Reached skill level 12 in Spellcasting
 14399 | D:12     | Reached **** piety under Sif Muna
 14512 | Orc:1    | Entered Level 1 of the Orcish Mines
 14515 | Orc:1    | Noticed a stone giant
 14531 | Orc:1    | Killed a stone giant
 14531 | Orc:1    | Reached skill level 1 in Evocations
 14531 | Orc:1    | Reached XP level 12. HP: 43/75 MP: 9/28
 14706 | Orc:1    | Found Puta's Antique Armour Shoppe.
 14977 | Orc:2    | Entered Level 2 of the Orcish Mines
 15112 | Orc:2    | Noticed an ettin
 15126 | Orc:2    | Killed an ettin
 15198 | Orc:2    | Found a staircase to the Elven Halls.
 15389 | Orc:2    | Found a gate leading to a gauntlet.
 15430 | Orc:2    | Reached ***** piety under Sif Muna
 15431 | Orc:2    | Identified Xepso Anuf's Handbook of Dusty Transformation
                  | (Sif Muna gifted it to you on level 2 of the Orcish Mines)
 15431 | Orc:2    | Received a gift from Sif Muna
 15555 | Orc:2    | Reached skill level 13 in Spellcasting
 15557 | Orc:2    | Reached skill level 1 in Short Blades
 15558 | Orc:2    | Found Qaschid's Distillery.
 15559 | Orc:2    | Found Goissor's General Store.
 15745 | Orc:2    | Gained mutation: Scrolls take you a little longer to read.
                  | [a neqoxec]
 15759 | Orc:2    | Gained mutation: You are frail. (-10% HP) [a neqoxec]
 15767 | Orc:2    | Reached skill level 5 in Fighting
 16043 | Orc:2    | Bought a potion of heal wounds for 70 gold pieces
 16043 | Orc:2    | Bought a potion of mutation for 112 gold pieces
 16070 | Orc:2    | Noticed an orc high priest
 16074 | Orc:2    | Noticed a soul eater
 16135 | Orc:2    | Killed an orc high priest
 16550 | Orc:2    | Reached skill level 5 in Evocations
 16590 | Orc:2    | Noticed an orc high priest
 16590 | Orc:2    | Noticed an orc high priest
 16591 | Orc:2    | Noticed an orc high priest
 16598 | Orc:2    | Killed an orc high priest
 16598 | Orc:2    | Reached XP level 13. HP: 61/72 MP: 14/30
 16605 | Orc:2    | Reached skill level 14 in Spellcasting
 17082 | Orc:2    | Found Icotea's Gadget Emporium.
 17082 | Orc:2    | Found Donaow's Antique Armour Shoppe.
 17082 | Orc:2    | Found a one-way gate leading to the halls of Pandemonium.
 17086 | Orc:2    | Bought a buckler for 148 gold pieces
 17203 | Lair:1   | Entered Level 1 of the Lair of Beasts
 17237 | Lair:1   | You fall into a shaft and drop 1 floor!
 17443 | Lair:2   | Identified Sif Muna's Handbook of the Supportive Traveller
                  | (Sif Muna gifted it to you on level 2 of the Lair of
                  | Beasts)
 17443 | Lair:2   | Received a gift from Sif Muna
 17456 | Lair:2   | Learned a level 4 spell: Summon Ice Beast
 17922 | Lair:3   | Lost mutation: You are frail. (-10% HP) [potion of
                  | mutation]
 17922 | Lair:3   | Lost mutation: Your body sometimes deteriorates upon taking
                  | damage. [potion of mutation]
 17922 | Lair:3   | Gained mutation: You are somewhat resistant to further
                  | mutation. [potion of mutation]
 18123 | Lair:3   | Reached skill level 1 in Shields
 18123 | Lair:3   | Reached skill level 1 in Summonings
 18137 | Lair:3   | Found a staircase to the Snake Pit.
 18149 | Lair:3   | Got a scorched ivory amulet
 18294 | Lair:3   | Identified the amulet "Seawk" {Faith rPois rF+ Str+9} (You
                  | found it on level 3 of the Lair of Beasts)
 20103 | Lair:1   | Reached XP level 14. HP: 89/89 MP: 26/32
 20383 | Lair:1   | Identified Sif Muna's Volume of Entrancing Transformation
                  | (Sif Muna gifted it to you on level 1 of the Lair of
                  | Beasts)
 20383 | Lair:1   | Received a gift from Sif Muna
 20390 | Lair:1   | Learned a level 2 spell: Blink
 20396 | Lair:1   | Learned a level 5 spell: Alistair's Intoxication
 20439 | Lair:1   | Noticed Harold
 20447 | Lair:1   | Killed Harold
 21059 | Lair:2   | Found a staircase to the Shoals.
 21335 | Lair:5   | Reached skill level 15 in Spellcasting
 21639 | Lair:5   | Noticed Josephine
 21960 | Lair:5   | Killed Josephine
 22810 | Lair:6   | Entered Level 6 of the Lair of Beasts
 23632 | Lair:6   | Identified Sif Muna's Collected Works on Assistive
                  | Transformation (Sif Muna gifted it to you on level 6 of the
                  | Lair of Beasts)
 23632 | Lair:6   | Received a gift from Sif Muna
 23642 | Lair:6   | Reached skill level 10 in Dodging
 23802 | Lair:6   | Reached skill level 5 in Short Blades
 23843 | Lair:6   | Reached skill level 5 in Summonings
 24239 | Lair:6   | Reached skill level 5 in Shields
 24245 | Lair:6   | Found a staircase to the Slime Pits.
 24702 | Lair:6   | Reached XP level 15. HP: 94/94 MP: 14/34
 24724 | Lair:6   | Got a crystal dagger
 24725 | Lair:6   | Identified the +7 dagger "Trog's Anger" {freeze, rPois rF+
                  | rC+} (You found it on level 6 of the Lair of Beasts)
 25268 | D:12     | Identified Aqayng's Volume of the Ensnaring Entourage (Sif
                  | Muna gifted it to you on level 12 of the Dungeon)
 25268 | D:12     | Received a gift from Sif Muna
 25279 | D:12     | Learned a level 5 spell: Summon Demon
 25932 | D:13     | Noticed Nessos
 25943 | D:13     | Reached skill level 16 in Spellcasting
 25943 | D:13     | Killed Nessos
 26346 | D:13     | Found a runed translucent door.
 26826 | D:14     | Found a basalt altar of Yredelemnul.
 26944 | D:14     | Identified Sif Muna's Catalogue of Talismans and the Escort
                  | (Sif Muna gifted it to you on level 14 of the Dungeon)
 26944 | D:14     | Received a gift from Sif Muna
 27198 | D:14     | Found an ancient bone altar of Kikubaaqudgha.
 27466 | D:14     | Identified Sif Muna's Almanac of Transformation and
                  | Confrontation (Sif Muna gifted it to you on level 14 of the
                  | Dungeon)
 27466 | D:14     | Received a gift from Sif Muna
 27712 | D:14     | Identified the +7 trident "Kyogiub" {freeze, rF+ Str+3}
 27768 | D:14     | Found a gate to the Vaults.
 28094 | D:14     | Identified a scroll of acquirement
 28094 | D:14     | Identified the +1 buckler of the Blessings {rElec rC+} (You
                  | acquired it on level 14 of the Dungeon)
 28094 | D:14     | Identified the +2 dagger of Internal Strife {flame, +Inv}
                  | (You acquired it on level 14 of the Dungeon)
 28147 | D:15     | Entered Level 15 of the Dungeon
 28901 | D:15     | Found a staircase to the Depths.
 28953 | D:15     | Reached XP level 16. HP: 44/101 MP: 2/36
 29532 | Lair:1   | Learned a level 6 spell: Shadow Creatures
 29856 | Elf:1    | Entered Level 1 of the Elven Halls
 29888 | Elf:1    | Received a gift from Sif Muna
 29904 | Elf:1    | Found a radiant altar of Vehumet.
 30094 | Elf:1    | Reached skill level 17 in Spellcasting
 30440 | Elf:1    | Reached skill level 10 in Summonings
 31167 | Elf:1    | Identified the +0 hat of the Constellations {*Corrode +Inv
                  | rC+++ Str-4} (You acquired it on level 1 of the Elven
                  | Halls)
 31167 | Elf:1    | Identified the amulet "Puarchy" {+Rage rElec rF+ Dex-4}
                  | (You acquired it on level 1 of the Elven Halls)
 31396 | Elf:1    | Reached skill level 1 in Translocations
 31406 | Elf:1    | Found a runed translucent gate.
 31406 | Elf:1    | Found a runed translucent gate.
 31406 | Elf:1    | Found a runed translucent gate.
 31406 | Elf:1    | Found a runed translucent gate.
 31406 | Elf:1    | Found a runed translucent gate.
 31409 | Elf:1    | Found a runed translucent gate.
 31500 | Elf:1    | Learned a level 3 spell: Ozocubu's Armour
 31785 | Elf:1    | Identified Sif Muna's Grimoire of Creation and Dislocation
                  | (Sif Muna gifted it to you on level 1 of the Elven Halls)
 31785 | Elf:1    | Received a gift from Sif Muna
 31795 | Elf:1    | Learned a level 5 spell: Aura of Abjuration
 31823 | Elf:1    | Found Utinkoss's Distillery.
 31889 | Elf:1    | Found Dakifril's General Store.
 31891 | Elf:1    | Bought 2 potions of curing for 96 gold pieces
 31891 | Elf:1    | Bought a potion of haste for 160 gold pieces
 31891 | Elf:1    | Bought a potion of curing for 48 gold pieces
 31891 | Elf:1    | Bought 2 potions of magic for 256 gold pieces
 31891 | Elf:1    | Bought a potion of haste for 160 gold pieces
 31897 | Elf:1    | Bought the +8 dagger of Chaos {vorpal, rElec rC- MP+9
                  | Stlth+} for 1218 gold pieces
 31897 | Elf:1    | Bought a potion of mutation for 136 gold pieces
 32435 | Elf:2    | Found Ezozie's Food Emporium.
 32438 | Elf:2    | Bought a ration for 55 gold pieces
 32438 | Elf:2    | Bought a ration for 55 gold pieces
 32438 | Elf:2    | Bought a ration for 55 gold pieces
 32438 | Elf:2    | Bought a ration for 55 gold pieces
 32438 | Elf:2    | Bought a ration for 55 gold pieces
 32493 | Elf:2    | Found a huge runed translucent gate.
 32493 | Elf:2    | Found a huge runed translucent gate.
 32493 | Elf:2    | Found a huge runed translucent gate.
 32495 | Elf:2    | Found a huge runed translucent gate.
 32496 | Elf:2    | Found a huge runed translucent gate.
 33283 | Elf:3    | Entered Level 3 of the Elven Halls
 33419 | Elf:3    | Reached XP level 17. HP: 107/107 MP: 38/38
 33710 | Elf:3    | Reached XP level 18. HP: 112/112 MP: 39/39
 33878 | Elf:3    | Learned a level 7 spell: Summon Hydra
 33904 | Elf:3    | Learned a level 1 spell: Apportation
 33920 | Elf:3    | Lost mutation: You are agile. (Dex +2) [potion of mutation]
 33920 | Elf:3    | Lost mutation: Scrolls take you a little longer to read.
                  | [potion of mutation]
 33920 | Elf:3    | Gained mutation: Your mind is acute. (Int +2) [potion of
                  | mutation]
 35321 | Elf:3    | Identified Sif Muna's Tome of the Entourage and Bewitchment
                  | (Sif Muna gifted it to you on level 3 of the Elven Halls)
 35321 | Elf:3    | Received a gift from Sif Muna
 35344 | Elf:3    | Noticed a deep elf master archer
 35352 | Elf:3    | Killed a deep elf master archer
 35634 | Elf:3    | Identified the +9 falchion of Soh Zei {vorpal, Str+2}
 35634 | Elf:3    | Identified the ring "Mowuighini" {rElec rPois MR+ AC+3}
 35734 | Elf:3    | Noticed a deep elf master archer
 35738 | Elf:3    | Killed a deep elf master archer
 35780 | Elf:3    | Identified the Papyrus of Bewitchment
 35791 | Elf:3    | Got an ebony mace
 36048 | Lair:1   | Identified the +6 mace "Octopus's Death" {vorpal, MP+9
                  | Str+3} (You found it on level 3 of the Elven Halls)
 36430 | Elf:3    | Got a warped wooden ring
 36431 | Elf:3    | Identified the ring "Namociona" {rPois rF+ MR+ Int+4 Dex-2}
                  | (You found it on level 3 of the Elven Halls)
 36449 | Elf:3    | Identified the Reference Book on Hexes
 36451 | Elf:3    | Identified the Handbook of the Compass and Ignition
 36888 | Shoals:1 | Entered Level 1 of the Shoals
 36960 | Shoals:1 | Found a runed translucent gate.
 36960 | Shoals:1 | Found a runed translucent gate.
 36960 | Shoals:1 | Found a runed translucent gate.
 36960 | Shoals:1 | Noticed Qorch's ghost (adept MfBe)
 38287 | Shoals:2 | Found a runed translucent gate.
 38287 | Shoals:2 | Found a runed translucent gate.
 38287 | Shoals:2 | Found a runed translucent gate.
 38289 | Shoals:2 | Found an opulent altar of Gozag.
 38291 | Shoals:2 | Noticed Pairaxt's ghost (adept DDFi)
 38292 | Shoals:2 | Found Biebiantag's Assorted Antiques.
 38411 | Shoals:2 | Killed Pairaxt's ghost
 39215 | Shoals:3 | Identified Sif Muna's Reference Book on Cankerous Damage
                  | Dealing (Sif Muna gifted it to you on level 3 of the
                  | Shoals)
 39215 | Shoals:3 | Received a gift from Sif Muna
 39216 | Shoals:3 | Reached skill level 10 in Shields
 39349 | Shoals:3 | Reached skill level 15 in Summonings
 40365 | Shoals:3 | Reached XP level 19. HP: 117/117 MP: 40/40
 40879 | Shoals:4 | Entered Level 4 of the Shoals
 41068 | Shoals:4 | Noticed Louise
 41072 | Shoals:4 | Killed Louise
 41097 | Shoals:4 | Identified Zamamal's Tome of Flight and Displacement (Sif
                  | Muna gifted it to you on level 4 of the Shoals)
 41097 | Shoals:4 | Received a gift from Sif Muna
 41173 | Shoals:4 | Got a barnacled rune of Zot
 41485 | Snake:1  | Entered Level 1 of the Snake Pit
 41789 | Snake:1  | Learned a level 7 spell: Monstrous Menagerie
 41797 | Snake:1  | Learned a level 7 spell: Summon Greater Demon
 41855 | Snake:1  | Found a flickering gateway to a bazaar.
 41875 | Bazaar   | Entered a bazaar
 41875 | Bazaar   | Found Erocaj's Food Shoppe.
 41875 | Bazaar   | Found Qip Uhal's Distillery.
 41876 | Bazaar   | Found Xyni's Book Shoppe.
 41876 | Bazaar   | Found Biudenij's Assorted Antiques.
 41904 | Bazaar   | Bought a potion of heal wounds for 75 gold pieces
 41904 | Bazaar   | Bought 2 potions of heal wounds for 150 gold pieces
 41904 | Bazaar   | Bought a potion of heal wounds for 75 gold pieces
 41908 | Bazaar   | Bought a runed sapphire ring for 80 gold pieces
 41923 | Bazaar   | Bought a Necronomicon for 1104 gold pieces
 42586 | Snake:2  | Noticed Saint Roka
 42611 | Snake:2  | Killed Saint Roka
 43233 | Snake:2  | Noticed Aizul
 43245 | Snake:2  | Killed Aizul
 43598 | Snake:2  | Found Pimus's Antique Weapon Shoppe.
 43601 | Snake:2  | Found an opulent altar of Gozag.
 43607 | Snake:2  | Noticed Vashnia
 43834 | Snake:2  | Killed Vashnia
 44229 | Snake:2  | Identified Sif Muna's Incunabulum of the Harmful Entourage
                  | (Sif Muna gifted it to you on level 2 of the Snake Pit)
 44229 | Snake:2  | Received a gift from Sif Muna
 45317 | Snake:4  | Entered Level 4 of the Snake Pit
 45476 | Snake:4  | Identified Sif Muna's Tome of Dislocation and the Birds
                  | (Sif Muna gifted it to you on level 4 of the Snake Pit)
 45476 | Snake:4  | Received a gift from Sif Muna
 45759 | Snake:4  | Reached ****** piety under Sif Muna
 45765 | Snake:4  | Reached skill level 15 in Shields
 46130 | Snake:4  | Reached XP level 20. HP: 104/125 MP: 20/41
 46492 | Snake:4  | Identified Sif Muna's Volume of Weightlessness (Sif Muna
                  | gifted it to you on level 4 of the Snake Pit)
 46492 | Snake:4  | Received a gift from Sif Muna
 47403 | Snake:4  | Got a serpentine rune of Zot
 47712 | Vaults:1 | Entered Level 1 of the Vaults
 47737 | Vaults:1 | Reached skill level 1 in Fire Magic
 48110 | Vaults:1 | Reached skill level 5 in Fire Magic
 48332 | Vaults:1 | Received a gift from Sif Muna
 48519 | Vaults:1 | Found Qecwac's Food Emporium.
 49161 | Vaults:2 | Found a staircase to the Crypt.
 49161 | Vaults:2 | Found an ancient bone altar of Kikubaaqudgha.
 49162 | Vaults:2 | Found a basalt altar of Yredelemnul.
 49560 | Vaults:2 | Received a gift from Sif Muna
 49587 | Vaults:2 | Learned a level 8 spell: Ignition
 49637 | Vaults:2 | Reached skill level 10 in Fire Magic
 49713 | Vaults:2 | Identified Doggijos's Guide on Enchantment
 50120 | Vaults:2 | Found Otad's General Store.
 50123 | Vaults:2 | Bought a scroll of enchant armour for 82 gold pieces
 50386 | Vaults:3 | Found Yqyddaso's Antique Weapon Boutique.
 50819 | Vaults:3 | Reached XP level 21. HP: 122/133 MP: 42/42
 51087 | Vaults:3 | Identified Sif Muna's Compendium of Creation and
                  | Conjuration (Sif Muna gifted it to you on level 3 of the
                  | Vaults)
 51087 | Vaults:3 | Received a gift from Sif Muna
 51142 | Vaults:3 | Noticed Xtahua
 51147 | Vaults:3 | Killed Xtahua
 51524 | Vaults:3 | Shot with a bolt by a vault warden

Levels and vault maps discovered:
D:1:      dpeg_arrival_rhombi, layout_basic
D:2:      layout_loops_ring, first_ration
D:3:      layout_basic
D:4:      minmay_angry_zag, layout_basic, elyvilon_altar_3, serial_shops,
          nicolae_shop_stone, nicolae_shop_window_shopping
D:5:      cheibrodos_quashed, layout_basic, enter_ossuary_2, wad_rectangle_vault
D:6:      layout_basic, st_stairs_14, uniq_duvessa, uniq_maggie,
          uniq_prince_ribbit1, uniq_menkaure
D:7:      layout_rooms, minmay_temple_entry_stoned_glass
D:8:      layout_basic, nicolae_gozag_cash_rules_everything_around_me,
          uniq_erica
D:9:      layout_basic, gammafunk_ghost_arena, basic_altar, uniq_joseph,
          uniq_pikel
D:10:     layout_roguey
D:11:     layout_layer_cave, lair_entry_dummy, minmay_orc_entry_temple_small
D:12:     layout_loops_ring, portal_ice_cave_entry_pillars_1, serial_ice,
          serial_ice_c, serial_ice_k, serial_ice_g, serial_ice_a, serial_ice_n,
          serial_ice_e, serial_ice_m, grunt_livestock, uniq_fannar
D:13:     layout_small_grid, lightli_airlock, uniq_nessos
D:14:     lemuel_vampire_tower, layout_irregular_city,
          grunt_vaults_entry_tiered, yredelemnul_altar_generic
D:15:     hangedman_depths_entry_try_elsewhere_first, layout_loops_ring,
          hangedman_decor_clover_reticule
Temple:   kilobyte_greek_temple
Lair:1:   layout_cave_pods, enter_volcano_3, grunt_megastairs_4,
          infiniplex_staircase_pool_2, uniq_harold
Lair:2:   layout_misc_corridors, minmay_shoals_entry_lonely_mermaid,
          kennysheep_rathole, infiniplex_staircase_pool,
          minmay_lair_oklob_chamber
Lair:3:   layout_loops_ring, dummy_snake_entry
Lair:4:   minmay_lair_oklob_tunnel, layout_big_grid, guppyfry_lair_drakes
Lair:5:   layout_long_grid, serial_rivers, chequers_serial_rivers_room_b,
          chequers_serial_rivers_micro_b, chequers_serial_rivers_micro_a,
          chequers_serial_rivers_small_3, forest_entry_grove, uniq_josephine
Lair:6:   gammafunk_lair_ancient_temple, layout_loops_ring,
          nicolae_slime_entry_slimehenge, serial_bayou_ford_a
Shoals:1: layout_shoals, ebering_ghost_rock_garden
Shoals:2: cheibrodos_shoals_oceanic_diplomacy, layout_shoals,
          ebering_ghost_gozag, nicolae_shoals_loop_pool
Shoals:3: layout_shoals
Shoals:4: shoals_end_grunt_ice, layout_shoals, nicolae_shoals_seven_spires,
          uniq_louise
Snake:1:  layout_onion_interference, serial_shops, bzr_in_the_mist
Snake:2:  layout_grid_maze, serial_shops, shop, basic_altar, uniq_vashnia,
          uniq_aizul, uniq_saint_roka
Snake:3:  layout_cave_town
Snake:4:  snake_hunt, layout_cave_town, grunt_megastairs_3
Orc:1:    layout_caves, serial_shops, shop
Orc:2:    pf_orc_diabolical, layout_caves, gauntlet_entry_generic
Elf:1:    eino_elf_arrival_altar, layout_loops_ring, orc_legates,
          minmay_shoptagon
Elf:2:    layout_geoelf_diagonals, serial_shops, nicolae_shop_behind_doors
Elf:3:    minmay_elf_hall_dome, layout_loops_cross
Vaults:1: hangedman_vaults_nails, ontoclasm_vaults_tryst, nicolae_vaults_theta,
          vaults_room_corners, nicolae_vaults_triangles,
          vaults_standard_mumra_lines, v_misc_23, st_check,
          grunt_vaults_hallway_short, v_pattern_3, grunt_vaults_diagonal,
          nicolae_vaults_little_ls, layout_vaults_ring, serial_shops,
          shop_statue
Vaults:2: dpeg_vaults_waves, v_rooms_6, nicolae_vaults_inception_corners,
          v_rooms_2, v_alt_pattern_6, grunt_vaults_bifocal, v_misc_26,
          v_rooms_4, minmay_crypt_entry_necro_gods, layout_vaults_maze,
          serial_shops, nicolae_shop_window_shopping
Vaults:3: ontoclasm_vaults_chip, nicolae_vaults_big_angled_halls,
          hangedman_vaults_slither, v_misc_25, v_misc_9, v_misc_26,
          layout_vaults_quadrants, serial_shops, nicolae_shop_stone,
          portal_desolation_entry_ruin, uniq_xtahua

Skill      XL: |  1  2  3  4  5  6  7  8  9 10 11 12 13 14 15 16 17 18 19 20 21 |
---------------+----------------------------------------------------------------+-----
Poison Magic   | 4 5 6 8 9 10 | 10.0
Stealth        | 3 4 5 6 8 10 | 10.3
Fighting       | 1 2 3 4 5 6 7 8 |  8.6
Spellcasting   | 3 4 5 6 8 10 12 13 14 15 16 17 | 17.6
Dodging        | 3 4 5 7 8 9 10 | 10.5
Evocations     | 1 5 6 7 |  7.0
Short Blades   | 2 3 5 6 |  6.1
Shields        | 2 5 10 15 | 15.0
Summonings     | 2 6 9 12 13 15 | 15.4
Translocations | 1 |  1.0
Fire Magic     | 11 13 | 13.1
Staves         | |  0.1
Transmutations | |  1.0

Action                   |  1- 3 |  4- 6 |  7- 9 | 10-12 | 13-15 | 16-18 | 19-21 || total
-------------------------+-------+-------+-------+-------+-------+-------+-------++-------
Melee: Dagger            |    50 |    33 |       |    10 |   192 |   140 |   338 ||   763
       Unarmed           |     5 |       |       |       |       |       |       ||     5
       Constrict         |    14 |    12 |    47 |    48 |    76 |    27 |    52 ||   276
       Tentacles         |     2 |     5 |    40 |    45 |   105 |    33 |    99 ||   329
       Short sword       |       |    26 |   229 |   221 |   171 |       |       ||   647
       Kick              |       |       |    52 |    72 |   140 |    47 |   172 ||   483
       Staff             |       |       |       |       |     1 |    18 |    73 ||    92
Throw: Throwing net      |       |       |       |       |       |     2 |       ||     2
 Cast: Sting             |    25 |    24 |    20 |    35 |    10 |       |       ||   114
       Poisonous Vapours |     2 |     9 |    27 |    89 |    83 |    49 |    14 ||   273
       Olgreb's Toxic Ra |       |     3 |     6 |    49 |    48 |    24 |    32 ||   162
       Ignite Poison     |       |       |    18 |    56 |    71 |    38 |    26 ||   209
       Mephitic Cloud    |       |       |     1 |    44 |    31 |     9 |    14 ||    99
       Summon Ice Beast  |       |       |       |       |    45 |     2 |       ||    47
       Alistair's Intoxi |       |       |       |       |    16 |     9 |       ||    25
       Blink             |       |       |       |       |     5 |    18 |    25 ||    48
       Summon Demon      |       |       |       |       |    46 |    43 |     1 ||    90
       Shadow Creatures  |       |       |       |       |       |    50 |     1 ||    51
       Ozocubu's Armour  |       |       |       |       |       |     5 |       ||     5
       Summon Hydra      |       |       |       |       |       |    51 |    42 ||    93
       Apportation       |       |       |       |       |       |     6 |       ||     6
       Aura of Abjuratio |       |       |       |       |       |     1 |    15 ||    16
       Summon Greater De |       |       |       |       |       |       |    53 ||    53
       Monstrous Menager |       |       |       |       |       |       |    61 ||    61
Invok: Channel Magic     |       |       |       |       |     2 |     6 |     2 ||    10
Evoke: Wand              |       |       |     4 |    11 |    18 |     5 |     1 ||    39
       Staff of energy   |       |       |       |       |     3 |     5 |     6 ||    14
       Lightning rod     |       |       |       |       |       |     1 |       ||     1
       Fan of gales      |       |       |       |       |       |     1 |       ||     1
       Lamp of fire      |       |       |       |       |       |     1 |       ||     1
  Use: Scroll            |       |     2 |    15 |     7 |    12 |    12 |    12 ||    60
       Potion            |       |       |     7 |     2 |     9 |     5 |    14 ||    37
 Stab: Sleeping          |     7 |     8 |    10 |    22 |    41 |    61 |   100 ||   249
       Distracted        |       |       |       |     1 |     3 |     4 |     7 ||    15
       Confused          |       |       |       |     8 |     5 |     4 |     1 ||    18
       Paralysed         |       |       |       |     2 |     6 |       |       ||     8
       Held in net/web   |       |       |       |       |       |     1 |       ||     1
  Eat: Chunk             |     3 |     6 |     8 |     9 |    23 |    14 |    14 ||    77
       Ration            |       |     1 |     3 |     4 |     5 |     8 |     9 ||    30
Armor: Skin              |     4 |    10 |    26 |    51 |    42 |    25 |    42 ||   200
Dodge: Dodged            |    51 |    57 |   124 |   212 |   289 |   190 |   276 ||  1199
Block: Buckler           |       |       |       |       |    87 |    68 |       ||   155
       Kite shield       |       |       |       |       |       |    15 |   345 ||   360

Table legend:
 A = Non-vault XP
 B = Vault XP
 C = Vault XP percentage of total XP
 D = Non-vault monster count
 E = Vault monster count
 F = Vault count percentage of total count
                 A         B        C        D         E       F
            +---------+---------+-------+---------+---------+-------
      Total |  261165 |  199742 |  43.3 |     945 |     552 |  36.9
            +---------+---------+-------+---------+---------+-------
        D:1 |      60 |       0 |   0.0 |      25 |       0 |   0.0
        D:2 |      89 |       0 |   0.0 |      22 |       0 |   0.0
        D:3 |       8 |       0 |   0.0 |       5 |       0 |   0.0
        D:4 |     396 |     132 |  25.0 |      20 |       2 |   9.1
        D:5 |     170 |     165 |  49.3 |      10 |       4 |  28.6
        D:6 |     395 |     910 |  69.7 |      10 |       4 |  28.6
        D:7 |     883 |       0 |   0.0 |      18 |       0 |   0.0
        D:8 |    2563 |     912 |  26.2 |      35 |       1 |   2.8
        D:9 |     847 |    1056 |  55.5 |      19 |       2 |   9.5
       D:10 |     520 |       0 |   0.0 |      19 |       0 |   0.0
       D:11 |    2669 |     280 |   9.5 |      15 |      10 |  40.0
       D:12 |    4467 |    2641 |  37.2 |      35 |      17 |  32.7
       D:13 |    5578 |    4981 |  47.2 |      48 |      12 |  20.0
       D:14 |    5586 |   12671 |  69.4 |      33 |      76 |  69.7
       D:15 |    7362 |    1540 |  17.3 |      23 |       4 |  14.8
     Temple |      54 |       0 |   0.0 |       1 |       0 |   0.0
     Lair:1 |    3291 |    1304 |  28.4 |      12 |       4 |  25.0
     Lair:2 |    1309 |     695 |  34.7 |       6 |      15 |  71.4
     Lair:3 |    4577 |       0 |   0.0 |      14 |       0 |   0.0
     Lair:4 |    5927 |    1026 |  14.8 |      23 |       5 |  17.9
     Lair:5 |    6981 |    2858 |  29.0 |      26 |      12 |  31.6
     Lair:6 |   11340 |    9902 |  46.6 |      44 |      34 |  43.6
   Shoals:1 |    6618 |       0 |   0.0 |      12 |       0 |   0.0
   Shoals:2 |   11747 |   10349 |  46.8 |      28 |      16 |  36.4
   Shoals:3 |   20096 |       0 |   0.0 |      55 |       0 |   0.0
   Shoals:4 |    4234 |    8686 |  67.2 |       8 |      13 |  61.9
    Snake:1 |   11525 |       0 |   0.0 |      20 |       0 |   0.0
    Snake:2 |   12341 |    8041 |  39.5 |      32 |      15 |  31.9
    Snake:3 |   18671 |       0 |   0.0 |      51 |       0 |   0.0
    Snake:4 |   12085 |   15288 |  55.9 |      39 |      38 |  49.4
      Orc:1 |    3100 |       0 |   0.0 |      16 |       0 |   0.0
      Orc:2 |    3963 |   15550 |  79.7 |      41 |      63 |  60.6
      Elf:1 |   15424 |   14203 |  47.9 |      31 |      34 |  52.3
      Elf:2 |   10231 |     882 |   7.9 |      17 |       2 |  10.5
      Elf:3 |   11670 |   27637 |  70.3 |      20 |      28 |  58.3
   Vaults:1 |   17125 |   16849 |  49.6 |      41 |      39 |  48.8
   Vaults:2 |    9043 |   27393 |  75.2 |      17 |      37 |  68.5
   Vaults:3 |   28220 |   13117 |  31.7 |      54 |      35 |  39.3
    Ossuary |       0 |     674 | 100.0 |       0 |      30 | 100.0
            +---------+---------+-------+---------+---------+-------
